 Dungeon Crawl Stone Soup version 0.31-b1-12-gca42e3d1b8 (webtiles) character file.

Game seed: 17914773211779837482

4106 cowcol the Cleaver (level 10, -10/88 HPs)
             Began as a Minotaur Fighter on Jan 14, 2024.
             Was a Follower of Okawaru.
             Mangled by an orc warlord
             ... wielding a +8 battleaxe
              (12 damage)
             ... in a bailey.
             The game lasted 00:17:28 (8636 turns).

cowcol the Cleaver (Minotaur Fighter)               Turns: 8636, Time: 00:17:28

Health: -10/88     AC: 21    Str: 23    XL:     10   Next: 6%
Magic:  5/9        EV: 10    Int:  7    God:    Okawaru [*.....]
Gold:   172        SH: 11    Dex: 10    Spells: 9/9 levels left

rFire   . . .        q - +1 broad axe (flame)
rCold   . . .        p - +1 kite shield
rNeg    . . .        o - +0 chain mail
rPois   +            (helmet restricted)
rElec   .            (no cloak)
rCorr   .            A - +0 pair of gloves
SInv    .            r - +1 pair of boots
Will    .....        (no amulet) Stlth
                     u - ring of poison resistance
HPRegen 0.34/turn    w - +4 ring of protection
MPRegen 0.11/turn

%: no passive effects
@: heroic
A: horns 2, retaliatory headbutt
a: Renounce Religion, Heroism


You were in a bailey.
You worshipped Okawaru.
Okawaru was aware of your devotion.
You visited 2 branches of the dungeon, and saw 9 of its levels.
You also visited: Bailey.

You collected 372 gold pieces.
You spent 200 gold pieces at shops.

Inventory:

Hand Weapons
 a - a +0 war axe
 h - a +3 flail
 q - a +1 broad axe of flaming (weapon)
 y - a +0 battleaxe
 D - a +4 war axe
Missiles
 d - 4 poisoned darts (quivered)
 f - a throwing net
Armour
 b - a +0 scale mail
 c - a +1 buckler
 o - a +0 chain mail (worn)
 p - a +1 kite shield (worn)
 r - a +1 pair of boots (worn)
 A - a +0 pair of gloves (worn)
Jewellery
 m - a +6 ring of dexterity
 u - a ring of poison resistance (left hand)
 w - a +4 ring of protection (right hand)
 z - a +6 ring of dexterity
Wands
 n - a wand of paralysis (7)
 x - a wand of iceblast (27)
 B - a wand of mindburst (18)
Scrolls
 j - a scroll of fog
 k - a scroll of immolation
 s - 2 scrolls of torment
 t - 3 scrolls of vulnerability
 v - a scroll of silence
Potions
 e - 2 potions of lignification
 g - 6 potions of curing
 i - 2 potions of magic
 l - 2 potions of attraction {unknown}
 C - a potion of enlightenment {unknown}


   Skills:
 + Level 8.3(13.3) Fighting
 + Level 12.9(17.9) Axes
 + Level 0.7(5.7) Throwing
 + Level 9.1(14.1) Armour
 - Level 2.0(7.0) Dodging
 - Level 4.0(9.0) Shields
 + Level 0.9 Invocations


You had 9 spell levels left.
You didn't know any spells.
Your spell library contained the following spells:

 Spells                   Type           Power      Damage    Failure   Level
 Static Discharge         Conj/Air       0%         3-3/arc   99%         2
 Airstrike                Air            0%         2d(0-16)  100%        4
 Ignite Poison            Fire/Alch      0%         N/A       100%        4
 Sticky Flame             Fire/Alch      0%         2d4       100%        4
 Ignition                 Fire           0%         3d3       100%        8
 Summon Lightning Spire   Summ/Air       Unusable   N/A       N/A         4

Dungeon Overview and Level Annotations

Branches:
Dungeon (8/15)             Temple (1/1) D:5          Bailey (1/1)
   Lair: D:8-11

Altars:
Ashenzari
Elyvilon
Fedhas
Gozag
Hepliaklqana
Kikubaaqudgha
Makhleb
Nemelex Xobeh
Okawaru
Ru
Sif Muna
Trog
Xom
Yredelemnul
The Shining One

Shops:
D:2 [   D:3 =[


Innate Abilities, Weirdness & Mutations

You have a pair of horns on your head.
You reflexively headbutt those who attack you in melee.


Message History

The orc warlord hits you with a +8 battleaxe!
You hit the orc warlord. You burn the orc warlord.
The orc warlord is lightly wounded.
You closely miss the orc warrior.
You hit the orc warlord but do no damage.
You headbutt the orc warlord, but do no damage.
The orc warlord is lightly wounded.
You completely miss the orc warrior. The orc warrior barely misses you.
You block the orc warlord's attack.
You hit the orc warlord. You burn the orc warlord.
The orc warlord is lightly wounded.
You slash the orc warrior! You burn the orc warrior.
You block the orc warrior's attack.
The orc warlord hits you with a +8 battleaxe!
Unknown command.
You slice the orc warlord!! You burn the orc warlord.
The orc warlord is moderately wounded.
You closely miss the orc warrior.
The orc warrior no longer looks unusually strong.
The orc warrior hits you but does no damage.
The orc warlord hits you with a +8 battleaxe!!
* * * LOW HITPOINT WARNING * * *
You feel better.
The orc warrior no longer looks unusually strong.
You block the orc warrior's attack. The orc warrior closely misses you.
The orc warlord hits you with a +8 battleaxe!
* * * LOW HITPOINT WARNING * * *
Okay, then.
Okay, then.
You feel more confident with your borrowed prowess.
You block the orc warrior's attack. x2; You block the orc warlord's attack.
You hit the orc warlord. You burn the orc warlord.
The orc warlord is moderately wounded.
You hit the orc warrior but do no damage.
You hit the orc warrior. You burn the orc warrior.
You kill the orc warrior!
Okawaru accepts your kill.
The orc warrior hits you but does no damage.
The orc warlord hits you with a +8 battleaxe!
You die...

.......# .......##
..⌠.....#######
.......##.....##
.......).......#
......##[).....##
......#.).......#
.....##........o##
######.)...⌠...)@#
##).......o##
#.........#
##.......##
#.......#
##.....## ####'##
##.....##
#.......#


You could see an orc warlord and an orc warrior.

Vanquished Creatures
  Sigmund (D:3)
  A wyvern (D:7)
  A steam dragon (D:6)
  Duvessa (D:6)
  2 water moccasins
  A black bear (D:7)
  An ice beast (D:7)
  10 orc warriors
  A sky beast (D:7)
  An ogre (D:5)
  A phantom (D:5)
  2 centaurs
  A kobold brigand (D:6)
  2 bullfrogs (D:7)
  A gnoll sergeant (D:7)
  A scorpion (D:7)
  9 wights
  Dowan (D:6)
  A killer bee (D:7)
  2 bombardier beetles (D:5)
  A gnoll bouda (D:7)
  3 orc priests
  2 hounds
  3 jellies
  Jessica (D:3)
  A sleepcap (D:5)
  3 iguanas
  Natasha (thrice) (D:3)
  8 orc wizards
  Robin (D:4)
  15 gnolls
  6 adders
  A ribbon worm (D:3)
  A dart slug (D:1)
  28 orcs
  6 ball pythons
  5 bats
  3 endoplasms
  4 giant cockroaches
  18 goblins
  15 hobgoblins
  5 jackals
  4 frilled lizards
  7 kobolds
  5 rats
190 creatures vanquished.

Notes
Turn   | Place    | Note
-------+----------+-------------------------------------------
     0 | D:1      | cowcol the Minotaur Fighter began the quest for the Orb.
     0 | D:1      | Reached XP level 1. HP: 19/19 MP: 0/0
   214 | D:1      | Reached XP level 2. HP: 24/27 MP: 1/1
   582 | D:2      | Reached XP level 3. HP: 33/33 MP: 2/2
   671 | D:2      | Reached skill level 3 in Axes
  1003 | D:2      | Found Nulokukh's Armour Shoppe.
  1299 | D:3      | Noticed Natasha
  1306 | D:3      | Killed Natasha
  1307 | D:3      | Reached XP level 4. HP: 19/41 MP: 3/3
  1573 | D:3      | Noticed Jessica
  1577 | D:3      | Killed Jessica
  1578 | D:3      | Reached skill level 4 in Axes
  1751 | D:3      | Noticed Sigmund
  1761 | D:3      | Killed Sigmund
  1762 | D:3      | Reached skill level 5 in Fighting
  1762 | D:3      | Reached skill level 5 in Axes
  1762 | D:3      | Reached skill level 5 in Armour
  1762 | D:3      | Reached XP level 5. HP: 40/48 MP: 4/4
  1762 | D:3      | Reached XP level 6. HP: 47/56 MP: 5/5
  2021 | D:3      | Found Idyq's Armour Emporium.
  2058 | D:3      | Found Minoc's Jewellery Emporium.
  2253 | D:3      | Noticed Natasha
  2260 | D:3      | Killed Natasha
  2335 | D:3      | Noticed Natasha
  2350 | D:3      | Killed Natasha
  2575 | D:4      | Reached skill level 1 in Dodging
  2591 | D:4      | Reached skill level 6 in Axes
  3451 | D:4      | Reached XP level 7. HP: 61/61 MP: 6/6
  3496 | D:4      | Noticed Robin
  3506 | D:4      | Killed Robin
  3682 | D:5      | Entered Level 5 of the Dungeon
  3722 | D:5      | Reached skill level 7 in Axes
  4062 | D:5      | Found a glowing golden altar of the Shining One.
  4109 | D:5      | Reached skill level 8 in Axes
  4281 | D:5      | Reached XP level 8. HP: 58/70 MP: 7/7
  4598 | D:5      | Found a staircase to the Ecumenical Temple.
  4661 | Temple   | Entered the Ecumenical Temple
  4665 | Temple   | Became a worshipper of Warmaster Okawaru
  5208 | D:6      | Reached skill level 9 in Axes
  5403 | D:6      | Reached * piety under Okawaru
  5488 | D:6      | Reached skill level 10 in Axes
  5799 | D:6      | Noticed Duvessa
  5801 | D:6      | Noticed Dowan
  5815 | D:6      | Killed Duvessa
  5826 | D:6      | Killed Dowan
  5827 | D:6      | Reached XP level 9. HP: 70/79 MP: 6/8
  6287 | D:7      | Reached skill level 11 in Axes
  7888 | D:7      | Reached skill level 12 in Axes
  8135 | D:3      | Bought a ring of poison resistance for 200 gold pieces
  8272 | D:8      | Reached ** piety under Okawaru
  8296 | D:8      | Found a flagged portal.
  8320 | Bailey   | Entered a bailey
  8587 | Bailey   | Reached XP level 10. HP: 72/88 MP: 7/9
  8609 | Bailey   | Noticed an orc warlord
  8634 | Bailey   | HP: 1/88 [orc warlord/+8 battleaxe (12)]
  8636 | Bailey   | Mangled by an orc warlord

Illustrated notes

Levels and vault maps discovered:
D:1:      dpeg_arrival_water_temple_mockup, layout_rooms,
          chequers_serial_rivers_micro_c, minmay_shallow_snake_nest
D:2:      layout_basic, serial_shops, nicolae_shop_just_a_little_nook
D:3:      layout_basic, serial_shops, shop, shop_statue, uniq_sigmund,
          uniq_jessica, uniq_natasha
D:4:      layout_loops_corners, uniq_robin
D:5:      layout_basic, tso_altar, minmay_temple_entry_statues,
          minmay_misc_feat_rugged
D:6:      layout_loops_ring, uniq_duvessa
D:7:      minmay_octagon_keep, layout_rooms, grunt_ministairs_6
D:8:      layout_basic, grunt_dithmenos_shadows, enter_bailey_2
Temple:   zaba_magenta_temple
Bailey:   bailey_axe_minmay_hex_keep, bailey

Skill      XL: |  1  2  3  4  5  6  7  8  9 |
---------------+----------------------------+-----
Armour         | 4 5 6 7 9 |  9.1
Fighting       | 4 5 7 8 |  8.3
Axes           | 3 5 6 8 10 12 | 12.9
Shields        | 4 |  4.0
Dodging        | 1 2 |  2.0
Throwing       | |  0.7
Invocations    | |  0.9

Action                     |  1- 3 |  4- 6 |  7- 9 | 10-12 || total
---------------------------+-------+-------+-------+-------++-------
  Melee: War axe           |    75 |    40 |       |       ||   115
         Headbutt          |     8 |    15 |    67 |     2 ||    92
         Broad axe         |       |    46 |   306 |    15 ||   367
  Throw: Dart              |       |       |     5 |       ||     5
 Invoke: Heroism           |       |       |     7 |     3 ||    10
    Use: Scroll            |     1 |     5 |    11 |       ||    17
         Potion            |       |     1 |       |     1 ||     2
 Armour: Scale mail        |    57 |    50 |    48 |       ||   155
         Chain mail        |       |       |   168 |    14 ||   182
  Dodge: Dodged            |    40 |    23 |   107 |     4 ||   174
  Block: Buckler           |    17 |    21 |    31 |       ||    69
         Kite shield       |       |       |   116 |    12 ||   128
